 Dungeon Crawl Stone Soup version 0.23-a0-435-g79ed067 (webtiles) character file.

58 UltraPeaceful the Stinger (level 3, -2/31 HPs)
             Began as a Troll Venom Mage on Nov 15, 2018.
             Slain by Crazy Yiuf
             ... wielding a +2 quarterstaff of chaos
              (24 damage)
             ... on level 2 of the Dungeon.
             The game lasted 00:04:20 (1689 turns).

UltraPeaceful the Stinger (Troll Venom Mage)        Turns: 1689, Time: 00:04:21

Health: -2/31      AC:  5    Str: 16    XL:     3   Next: 75%
Magic:  0/4        EV: 10    Int: 12    God:
Gold:   52         SH:  0    Dex: 10    Spells: 2/5 levels left

rFire    . . .     SeeInvis .     - Unarmed
rCold    . . .     Gourm    +   (no shield)
rNeg     . . .     Faith    .   a - +0 robe
rPois    .         Spirit   .   (helmet restricted)
rElec    .         Reflect  .   (no cloak)
rCorr    .         Harm     +   (gloves unavailable)
MR       +....                  (boots unavailable)
Stlth    +.........             f - amulet of harm
HPRegen  0.50/turn              m - ring of protection from magic
MPRegen  0.09/turn              (no ring)

@: lethally poisoned (-2 -> -3), very slightly contaminated
A: large, unfitting armour, claws 3, fast metabolism 3, gourmand, regeneration
1, shaggy fur 1, tough skin 2
a: no special abilities


You were on level 2 of the Dungeon.
You were near starving.

You visited 1 branch of the dungeon, and saw 2 of its levels.

You collected 52 gold pieces.

Inventory:

Armour
 a - a +0 robe (worn)
Jewellery
 f - an amulet of harm (around neck)
 m - a ring of protection from magic (left claw)
Scrolls
 e - 2 scrolls of remove curse
Potions
 b - a potion of brilliance {unknown}
 g - a potion of curing {unknown}
 h - 2 potions of heal wounds
 i - a potion of mutation {unknown}
 j - a potion of lignification {unknown}
 k - a potion of agility {unknown}
 l - a potion of flight {unknown}
 o - a potion of haste {unknown}
Comestibles
 c - 3 rations


   Skills:
 + Level 0.2 Fighting
 - Level 1.5 Dodging
 - Level 1.0 Stealth
 * Level 2.0 Unarmed Combat
 + Level 1.5 Spellcasting
 - Level 0.6 Conjurations
 + Level 2.8 Poison Magic


You had 2 spell levels left.
You knew the following spells:

 Your Spells              Type           Power        Failure   Level  Hunger
a - Sting                 Conj/Pois      #...         14%         1    ##.....
b - Poisonous Vapours     Pois/Air       #.....       24%         2    ###....

Your spell library contained the following spells:

 Spells                   Type           Power        Failure   Level  Hunger
 Mephitic Cloud           Conj/Pois/Air  #.......     47%         3    ####...
 Olgreb's Toxic Radiance  Pois           #.......     65%         4    #####..
 Venom Bolt               Conj/Pois      #.........   98%         5    ######.


Dungeon Overview and Level Annotations

Branches:
Dungeon (2/15)

Altars:

Annotations:
D:2 Crazy Yiuf


Innate Abilities, Weirdness & Mutations

You are too large for most types of armour.
You have claws for hands.
Your metabolism is lightning-fast.
You like to eat raw meat.
Your natural rate of healing is unusually fast.
You are covered in fur. (AC +1)
You have very tough skin. (AC +2)


Message History

Aim: Crazy Yiuf, wielding a +2 quarterstaff of chaos and wearing a +1 cloak of You miscast Poisonous Vapours.
You are very lightly contaminated with residual magic.
You feel a strange surge of energy!
You closely miss Crazy Yiuf.
Crazy Yiuf is lightly wounded.
Crazy Yiuf drinks a potion.
Crazy Yiuf goes berserk!
Crazy Yiuf hits you but does no damage.
You are poisoned.
You barely miss Crazy Yiuf.
Crazy Yiuf is lightly wounded.
You feel sick.
Crazy Yiuf hits you with a +2 quarterstaff of chaos.
Crazy Yiuf freezes you.
Okay, then.
You scratch Crazy Yiuf.
Crazy Yiuf is moderately wounded.
Crazy Yiuf hits you with a +2 quarterstaff of chaos!!
Ouch! That really hurt!
You die...

##.## #.# #####
#...####.# #)..#
##.......# #...#
#.####### # ... ##.## #
#'# #...# # ♣=♣♣ ##..# #
♣♣g♣ #)..# # ♣@♣♣ ###.#
# ♣♣.♣ #.# # ♣♣.♣♣ #.# #
♣♣)).♣ #.# # ♣...)♣ #.#
# #....# #.# #
######..######.#########
#.............[.........
###............########.


You could see Crazy Yiuf (berserk).

Vanquished Creatures
  An adder (D:2)
  An ooze (D:1)
  A dart slug (D:1)
  2 ball pythons (D:1)
  2 giant cockroaches (D:1)
  7 hobgoblins
  4 jackals (D:1)
  5 bats
  3 frilled lizards
  5 goblins
  A jackal skeleton (D:2)
  4 kobolds
  5 rats
41 creatures vanquished.

Notes
Turn   | Place    | Note
-------+----------+-------------------------------------------
     0 | D:1      | UltraPeaceful the Troll Venom Mage began the quest for the
                  | Orb.
     0 | D:1      | Reached XP level 1. HP: 16/16 MP: 1/1
   347 | D:1      | Reached XP level 2. HP: 22/24 MP: 3/3
   405 | D:1      | Reached skill level 1 in Unarmed Combat
   629 | D:1      | Reached XP level 3. HP: 30/31 MP: 4/4
  1643 | D:2      | Found a runed door.
  1671 | D:2      | Noticed Crazy Yiuf
  1679 | D:2      | Learned a level 2 spell: Poisonous Vapours
  1689 | D:2      | Slain by Crazy Yiuf

Vault maps used:
D:1:      lightli_arrival_windingriver, nrook_mini_backslash
D:2:      uniq_crazy_yiuf_cottage

Skill      XL: |  1  2  3 |
---------------+----------+-----
Unarmed Combat | 1 2 |  2.0
Fighting       | |  0.2
Dodging        | |  1.5
Stealth        | |  1.0
Spellcasting   | |  1.5
Conjurations   | |  0.6
Poison Magic   | |  2.8

Action                   || total
-------------------------++-------
Melee: Unarmed           ||   116
       Punch             ||     3
 Cast: Poisonous Vapours ||     1
  Use: Scroll            ||     2
 Stab: Sleeping          ||     2
  Eat: Chunk             ||    11
Armor: Robe              ||    46
Dodge: Dodged            ||    56

Table legend:
 A = Non-vault XP
 B = Vault XP
 C = Vault XP percentage of total XP
 D = Non-vault monster count
 E = Vault monster count
 F = Vault count percentage of total count
                 A         B        C        D         E       F
            +---------+---------+-------+---------+---------+-------
      Total |      83 |       0 |   0.0 |      41 |       0 |   0.0
            +---------+---------+-------+---------+---------+-------
        D:1 |      51 |       0 |   0.0 |      26 |       0 |   0.0
        D:2 |      32 |       0 |   0.0 |      15 |       0 |   0.0
            +---------+---------+-------+---------+---------+-------
